 Dungeon Crawl Stone Soup version 0.13-a0-2531-g2ad9301 (webtiles) character file.

241 Rycklaryybbe the Insei (level 5, -2/39 HPs)
             Began as a Human Monk on July 26, 2013.
             Succumbed to poison (a potion of poison)
             ... on Level 3 of the Dungeon on July 27, 2013.
             The game lasted 00:05:29 (1996 turns).

Rycklaryybbe the Insei (Human Monk)                 Turns: 1996, Time: 00:05:30

HP  -2/39        AC  7     Str 11      XL: 5   Next:  9%
MP   4/4         EV  9     Int 17      God:
Gold 136         SH  0     Dex 15      Spells:  0 memorised,  4 levels left

Res.Fire  : . . .   See Invis. : .   w - +0,-2 elf long sword (curse)
Res.Cold  : . . .   Warding    : .   h - +0 ring mail
Life Prot.: . . .   Conserve   : .   (no shield)
Res.Poison: .       Res.Corr.  : .   (no helmet)
Res.Elec. : .       Clarity    : .   i - +1 cloak
Sust.Abil.: . .     Spirit.Shd : .   (no gloves)
Res.Mut.  : .       Stasis     : .   (no boots)
Res.Rott. : .       Flight     : .   (no amulet)
Saprovore : . . .                    (no ring)
                                     (no ring)

@: brilliant, extremely poisoned, slightly resistant to hostile enchantments,
unstealthy
A: no striking features
a: no special abilities


You were on level 3 of the Dungeon.
You were not hungry.

You visited 1 branch of the dungeon, and saw 3 of its levels.

You collected 136 gold pieces.

Inventory:

Hand weapons
 f - a +1,+0 dagger (quivered)
 j - a +2,+2 dwarven short sword
 l - a +1,+0 dwarven dagger of venom
 w - a cursed +0,-2 elven long sword (weapon)
Armour
 a - a +0 robe
 h - a +0 ring mail (worn)
 i - a +1 cloak (worn)
Comestibles
 b - 2 bread rations
 c - 14 grapes
 d - a meat ration
 k - a choko
 t - a pear
 z - a rotting chunk of hobgoblin flesh
 A - a chunk of orc flesh
Scrolls
 e - 5 scrolls of remove curse {unknown}
 o - a scroll of identify {unknown}
 r - a scroll of noise {unknown}
 s - 2 scrolls of enchant weapon I {unknown}
 v - a scroll of blinking {unknown}
Potions
 n - a potion of agility {unknown}
 q - a potion of brilliance
 u - a potion of flight {unknown}
 x - a potion of cure mutation
 B - a potion of curing {unknown}


   Skills:
 - Level 3.0 Fighting
 - Level 3.2 Short Blades
 + Level 0.4 Long Blades
 - Level 1.1 Armour
 - Level 3.7 Dodging
 - Level 2.0 Stealth
 - Level 4.0 Unarmed Combat


You had 4 spell levels left.
You didn't know any spells.

Dungeon Overview and Level Annotations

Branches:
Dungeon (3/27)

Altars:


Message History

Drink which item? (? for menu, Esc to quit)
You feel refreshed.
It was a potion of restore abilities.
You feel sick.
You start resting.
You feel very sick.
Drink which item? (? for menu, Esc to quit)
That liquid tasted very nasty...
You are more poisoned.
It was a potion of poison.
* * * LOW HITPOINT WARNING * * *
You feel extremely sick.
Drink which item? (? for menu, Esc to quit)
You feel much better.
You feel extremely sick.
Drink which item? (? for menu, Esc to quit)
You feel more clever all of a sudden.
It was a potion of brilliance.
* * * LOW HITPOINT WARNING * * *
You feel extremely sick.
Drink which item? (? for menu, Esc to quit)
It has a very clean taste.
It was a potion of cure mutation.
You die...

....
.o.........####
..
..............#
#
...........##.#
.#.#$.........#
. ###.#.######
###.#.# ...#.#
##.###.#(####
........(..@#
####...#.#..#
.....$...(..#
...........#
........)).#
...........#
..........#
..........#
........##


There were no monsters in sight!

Vanquished Creatures
  An orc wizard (D:3)
  An adder (D:3)
  A worm (D:2)
  2 giant geckos
  An ooze (D:2)
  An orc (D:3)
  9 bats
  A giant cockroach (D:1)
  9 hobgoblins
  8 jackals (D:2)
  4 kobolds
  A ball python (D:1)
  3 giant newts (D:1)
  8 goblins
  10 rats
60 creatures vanquished.

Notes
Turn   | Place    | Note
--------------------------------------------------------------
     0 | D:1      | Rycklaryybbe, the Human Monk, began the quest for the Orb.
     0 | D:1      | Reached XP level 1. HP: 16/16 MP: 0/0
   156 | D:1      | Reached skill level 1 in Short Blades
   156 | D:1      | Reached XP level 2. HP: 15/22 MP: 1/1
   692 | D:1      | Reached XP level 3. HP: 12/28 MP: 2/2
  1542 | D:2      | Reached XP level 4. HP: 23/34 MP: 3/3
  1707 | D:2      | Reached skill level 1 in Armour
  1901 | D:3      | Reached XP level 5. HP: 35/39 MP: 4/4
  1996 | D:3      | Succumbed to poison (a potion of poison)

Action                   |  1- 3 |  4- 6 || total
-------------------------+-------+-------++-------
Melee: Unarmed           |    38 |       ||    38
       Short sword       |    25 |       ||    25
       Dagger            |   102 |    59 ||   161
       Long sword        |       |     6 ||     6
  Use: Potion            |     1 |     5 ||     6
 Stab: Sleeping          |     1 |       ||     1
